 Dungeon Crawl Stone Soup version 0.26-a0-996-g6b303dbc09 (webtiles) character file.

Game seed: 8279065096492631530

85792 KristoblXynda the Spry (level 15, -2/80 HPs)
             Began as a Spriggan Gladiator on Dec 6, 2020.
             Was the Champion of Okawaru.
             Slain by a death yak (15 damage)
             ... on level 6 of the Lair of Beasts.
             The game lasted 00:52:06 (28687 turns).

KristoblXynda the Spry (Spriggan Gladiator)        Turns: 28687, Time: 00:52:06

Health: -2/80      AC:  9    Str: 12    XL:     15   Next: 39%
Magic:  20/20      EV: 35    Int: 19    God:    Okawaru [******]
Gold:   1884       SH:  5    Dex: 19    Spells: 5/17 levels left

rFire    + + .     SeeInvis +   o - +6 quick blade
rCold    + . .     Faith    .   (shield restricted)
rNeg     . . .     Spirit   .   l - +2 robe {rC+ rF+}
rPois    +         Reflect  +   j - +2 hat {Int+3}
rElec    +         Harm     .   x - +2 cloak {Stlth+}
rCorr    .         Rampage  .   (gloves unavailable)
MR       +++..                  (boots unavailable)
Stlth    ++++++....             r - amulet of reflection
HPRegen  0.23/turn              g - +4 ring of slaying
MPRegen  0.17/turn              P - ring "Zeptal" {rElec rPois rF+ MR+ Int+3}

@: studying Air Magic, very quick
A: very small, unfitting armour, see invisible, speed 3
a: Heroism, Finesse, Renounce Religion


You were on level 6 of the Lair of Beasts.
You worshipped Okawaru.
Okawaru was exalted by your worship.
You visited 3 branches of the dungeon, and saw 22 of its levels.
You also visited: Ice Cave.

You collected 1884 gold pieces.

Inventory:

Hand Weapons
 c - a +1 rapier of holy wrath
 o - a +6 quick blade (weapon)
Missiles
 d - 4 throwing nets (quivered)
Armour
 j - a +2 hat of intelligence (worn)
 l - a +2 robe of resistance (worn)
 x - a +2 cloak of stealth (worn)
Jewellery
 g - a +4 ring of slaying (left hand)
 r - an amulet of reflection (around neck)
 B - a +6 ring of strength
 F - an uncursed amulet of regeneration
 P - the ring "Zeptal" (right hand) {rElec rPois rF+ MR+ Int+3}
   (You found it on level 15 of the Dungeon)

   [ring of protection from magic]

   It affects your intelligence (+3).
   It protects you from fire.
   It insulates you from electricity.
   It protects you from poison.
   It affects your resistance to hostile enchantments.
Wands
 h - a wand of acid (6)
 m - a wand of digging (6)
 n - a wand of disintegration (18)
 L - a wand of iceblast (14)
Scrolls
 e - 9 scrolls of teleportation
 f - 2 scrolls of magic mapping
 i - 6 scrolls of enchant armour
 k - 7 scrolls of remove curse
 q - a scroll of blinking
 s - 4 scrolls of fear
 u - a scroll of immolation
 v - a scroll of fog
 H - a scroll of identify
 O - 7 scrolls of amnesia
Potions
 a - 3 potions of haste
 b - a potion of invisibility
 p - 8 potions of brilliance
 t - 9 potions of curing
 w - 2 potions of heal wounds
 z - 4 potions of mutation
 A - 4 potions of ambrosia
 C - 6 potions of magic
 D - 3 potions of lignification
 E - 5 potions of might
 G - a potion of berserk rage
 I - a potion of flight
 J - 2 potions of cancellation
Books
 K - a manual of Air Magic
Miscellaneous
 y - a condenser vane


   Skills:
 - Level 10.1 Fighting
 - Level 10.0 Short Blades
 - Level 2.0 Throwing
 + Level 7.2 Armour
 + Level 18.8 Dodging
 - Level 15.3 Stealth
 + Level 1.7 Spellcasting
 + Level 7.1 Hexes
 - Level 8.0 Transmutations
 - Level 5.6 Invocations
 - Level 11.5 Evocations


You had 5 spell levels left.
You knew the following spells:

 Your Spells              Type           Power        Failure   Level
a - Statue Form           Tmut/Erth      ###......    99%         6
b - Invisibility          Hex            ####....     82%         6

Your spell library contained the following spells:

 Spells                   Type           Power        Failure   Level
 Beastly Appendage        Tmut           ####..       1%          1
 Corona                   Hex            ####...      1%          1
 Wereblood                Tmut           ####....     1%          2
 Tukima's Dance           Hex            ####....     2%          3
 Passwall                 Tmut/Erth      ###.....     4%          2
 Dazzling Flash           Conj/Hex       ###...       12%         3
 Inner Flame              Hex/Fire       ###.....     12%         3
 Summon Guardian Golem    Hex/Summ       ###.....     12%         3
 Animate Skeleton         Necr           #.....       17%         1
 Apportation              Tloc           #.....       17%         1
 Foxfire                  Conj/Fire      #...         17%         1
 Freeze                   Ice            #...         17%         1
 Magic Dart               Conj           #...         17%         1
 Pain                     Necr           #...         17%         1
 Summon Small Mammal      Summ           #...         17%         1
 Blink                    Tloc           N/A          26%         2
 Call Imp                 Summ           #.......     26%         2
 Searing Ray              Conj           #.....       26%         2
 Fulminant Prism          Conj/Hex       ###.......   36%         4
 Call Canine Familiar     Summ           #.......     45%         3
 Conjure Flame            Conj/Fire      #.......     45%         3
 Frozen Ramparts          Ice            #.....       45%         3
 Gell's Gravitas          Tloc           #.........   45%         3
 Lesser Beckoning         Tloc           #.........   45%         3
 Ozocubu's Armour         Ice            #.......     45%         3
 Teleport Other           Tloc           #.......     45%         3
 Vampiric Draining        Necr           #.........   45%         3
 Alistair's Intoxication  Tmut/Pois      ###......    67%         5
 Animate Dead             Necr           #.........   86%         4
 Hailstorm                Conj/Ice       #.......     86%         4
 Iskenderun's Mystic Bla  Conj/Tloc      #.......     86%         4
 Passage of Golubria      Tloc           N/A          86%         4
 Sticky Flame             Conj/Fire      #.......     86%         4
 Summon Ice Beast         Ice/Summ       #.......     86%         4
 Summon Lightning Spire   Summ/Air       #.......     86%         4
 Agony                    Necr           #.......     99%         5
 Bolt of Magma            Conj/Fire/Erth #.........   99%         5
 Fireball                 Conj/Fire      #.........   99%         5


Dungeon Overview and Level Annotations

Branches:
Dungeon (15/15)            Temple (1/1) D:5            Lair (6/6) D:11
 Shoals (0/4) Lair:2        Snake (0/4) Lair:3        Slime (0/5) Lair:6
    Orc (0/2) D:9          Vaults (0/5) D:13         Depths (0/5) D:15
  IceCv (visited)

Altars:
Ashenzari
Cheibriados
Dithmenos
Elyvilon
Fedhas
Gozag
Hepliaklqana
Kikubaaqudgha
Makhleb
Nemelex Xobeh
Okawaru
Qazlal
Ru
Sif Muna
Trog
Uskayaw
Vehumet
Wu Jian
Xom
Yredelemnul
Zin
The Shining One

Annotations:
D:4 2 transporters
Lair:3 exclusion: 4 oklob plants
Lair:4 1 runed translucent door, Qungiab's ghost, journeyman DsVM


Innate Abilities, Weirdness & Mutations

You are very small and have problems with some larger weapons.
You are too small for most types of armour.
You have supernaturally acute eyesight. (SInv)
You cover ground extremely quickly.


Message History

The water moccasin is almost dead.
The bolt of acid hits the death yak!
The death yak is splashed with acid.
The acid corrodes the death yak!
The death yak is almost dead.
The death yak misses you.
You hit the death yak.
The death yak is heavily wounded.
You puncture the death yak!
The death yak is heavily wounded.
The death yak gores you!!
* * * LOW HITPOINT WARNING * * *
You puncture the death yak!
The death yak is severely wounded.
You hit the death yak.
The death yak is severely wounded.
Unknown command.
You puncture the death yak!
The death yak is almost dead.
The death yak gores you!
You die...

....##...##....##...##..P........
.P...##...#....#...##...P........
PP....##..##..##..##.............
P......##..#..#.(##.....†.#......
.###....##.####..#.....###F.F....
##.###...#####.......###.....##P.
#....###).##.......###...P....##.
##[....####....#.###..........#..
##.(...........#@#...............
##/)...(.......#Y#...............
##(....####....#Y###.............
#....### ##..##S[.###...........
##.### ######....###.........
P### ##.....###....... ..
.##.............. P.
..##...........## ..
...##.........#..


You could see 2 death yaks and a water moccasin.

Vanquished Creatures
  Gastronok (Lair:1)
  The ghost of Ezife the Geomancer, a journeyman GrEE of Vehumet (Lair:5)
  Fannar (Lair:1)
  7 hydras
  A boulder beetle (D:13)
  2 centaur warriors (D:12)
  2 catoblepae
  An ogre mage (D:13)
  2 two-headed ogres
  A death knight (D:12)
  4 death yaks (Lair:6)
  A queen ant (D:8)
  Nergalle (Lair:4)
  A wizard (D:14)
  An unseen horror (D:15)
  A deep elf archer (D:13)
  A lindwurm (Lair:3)
  Pikel (D:7)
  5 deep elf magi
  A wolf spider (Lair:5)
  2 manticores
  11 black mambas
  2 ice statues (IceCv)
  14 ugly things
  A guardian serpent (Lair:6)
  6 elephants (Lair:3)
  Psyche (D:9)
  17 cane toads
  4 rime drakes
  3 gargoyles
  A kobold demonologist (D:13)
  4 yaktaurs (D:13)
  A spriggan zombie (D:15)
  An efreet (D:15)
  10 ice devils (IceCv)
  9 komodo dragons
  3 hornets
  2 trolls
  A wind drake (Lair:2)
  9 polar bears (Lair:6)
  A deep troll zombie (D:15)
  Grinder (D:6)
  4 dream sheep (Lair:4)
  3 raiju (Lair:6)
  6 blink frogs
  3 redbacks
  A shadow (D:13)
  2 wraiths
  A centaur simulacrum (D:15)
  19 wyverns
  32 yaks
  A vampire (D:15)
  A yak (shapeshifter) (D:14)
  Grum (Lair:1)
  A steam dragon (Lair:5)
  10 vampire mosquitoes
  2 basilisks
  18 soldier ants
  6 wargs (Lair:6)
  A naga (Lair:3)
  11 hell hounds (Lair:6)
  22 water moccasins
  11 ice beasts
  2 sky beasts
  8 phantoms
  14 black bears
  9 ogres
  5 necrophages
  10 orc warriors
  32 wolves
  An eye of draining (D:8)
  11 centaurs
  A lemure (D:7)
  27 bullfrogs
  A gnoll sergeant (D:8)
  4 big kobolds
  A wyvern zombie (D:12)
  4 scorpions
  4 killer bees (D:10)
  10 wights
  3 howler monkeys (D:8)
  3 bullfrog zombies
  3 centaur zombies
  A quasit (D:5)
  8 hounds
  4 jellies
  2 bullfrog skeletons
  3 centaur skeletons
  12 orc priests
  Crazy Yiuf (D:2)
  8 orc wizards
  A gnoll shaman (D:5)
  5 iguanas
  31 worker ants
  A hound zombie (D:8)
  A hound skeleton (D:10)
  9 adders
  11 gnolls
  3 river rats (Lair:3)
  A shadow imp (D:6)
  11 white imps
  6 ufetubi
  3 oozes
  2 adder skeletons (D:7)
  3 worms
  A dart slug (D:2)
  10 leopard geckos
  47 orcs
  8 giant cockroaches
  12 goblins
  8 hobgoblins
  5 jackals (D:5)
  3 quokkas
  2 ball pythons
  7 bats
  3 frilled lizards (D:1)
  22 kobolds
  A leopard gecko skeleton (D:9)
  2 leopard gecko zombies
  A quokka zombie (D:5)
  12 rats
720 creatures vanquished.

Vanquished Creatures (others)
  A reaper (IceCv)
  A hell hound (Lair:6)
  2 white imps (IceCv)
  4 ufetubi (IceCv)
  A bush (D:8)
  23 fungi
  79 plants
  4 toadstools (D:1)
  7 withered plants
122 creatures vanquished.

Grand Total: 842 creatures vanquished

Notes
Turn   | Place    | Note
-------+----------+-------------------------------------------
     0 | D:1      | KristoblXynda the Spriggan Gladiator began the quest for
                  | the Orb.
     0 | D:1      | Reached XP level 1. HP: 10/10 MP: 2/2
    25 | D:1      | Reached skill level 1 in Stealth
   166 | D:1      | Reached XP level 2. HP: 15/15 MP: 3/3
  1170 | D:1      | Reached XP level 3. HP: 5/18 MP: 4/4
  1708 | D:2      | Reached skill level 5 in Dodging
  2366 | D:2      | Reached XP level 4. HP: 23/23 MP: 5/5
  2468 | D:2      | Found an iron altar of Okawaru.
  2746 | D:2      | Became a worshipper of Warmaster Okawaru
  2828 | D:2      | Found a runed translucent door.
  2829 | D:2      | Noticed Crazy Yiuf
  2842 | D:2      | Killed Crazy Yiuf
  3012 | D:3      | Reached XP level 5. HP: 9/27 MP: 6/6
  3287 | D:3      | Noticed an air elemental
  3288 | D:3      | Found a stormy altar of Qazlal.
  3379 | D:3      | Found a shimmering blue altar of Sif Muna.
  3724 | D:3      | Noticed a water elemental
  3725 | D:3      | Noticed a fire elemental
  3858 | D:4      | Reached skill level 6 in Dodging
  3944 | D:4      | Found a transporter.
  3972 | D:4      | Noticed a phantom
  4012 | D:4      | Killed a phantom
  4012 | D:4      | Reached * piety under Okawaru
  4013 | D:4      | Reached XP level 6. HP: 13/32 MP: 7/7
  4214 | D:4      | Found a transporter.
  4286 | D:4      | Reached skill level 5 in Stealth
  4286 | D:4      | Reached skill level 1 in Evocations
  4415 | D:4      | Reached skill level 5 in Short Blades
  4662 | D:5      | Entered Level 5 of the Dungeon
  4662 | D:5      | Noticed a water moccasin
  4678 | D:5      | Killed a water moccasin
  4679 | D:5      | Reached skill level 7 in Dodging
  4679 | D:5      | Reached XP level 7. HP: 32/36 MP: 8/8
  4850 | D:5      | Reached ** piety under Okawaru
  5210 | D:5      | Found a shimmering altar of Xom.
  5823 | D:5      | Found a staircase to the Ecumenical Temple.
  5833 | Temple   | Entered the Ecumenical Temple
  6150 | D:5      | Reached skill level 8 in Dodging
  6150 | D:5      | Reached XP level 8. HP: 40/40 MP: 9/9
  6413 | D:6      | Reached *** piety under Okawaru
  6601 | D:5      | Reached skill level 5 in Evocations
  6910 | D:6      | Noticed Grinder
  6917 | D:6      | Reached skill level 1 in Invocations
  6926 | D:6      | Killed Grinder
  6927 | D:6      | Reached skill level 9 in Dodging
  7050 | D:6      | Identified Satuts's Papyrus of Shifting Heat
  7071 | D:6      | Reached XP level 9. HP: 29/44 MP: 11/11
  7316 | D:6      | Reached **** piety under Okawaru
  7316 | D:6      | Received a gift from Okawaru
  7556 | D:6      | Reached skill level 10 in Dodging
  7944 | D:7      | Noticed Pikel
  7978 | D:7      | Killed Pikel
  7979 | D:7      | Reached skill level 10 in Stealth
  8735 | D:8      | Reached ***** piety under Okawaru
  8736 | D:8      | Reached skill level 11 in Dodging
  8828 | D:8      | Reached XP level 10. HP: 43/49 MP: 12/14
  9011 | D:8      | Received a gift from Okawaru
  9022 | D:8      | Noticed a two-headed ogre
  9035 | D:8      | Killed a two-headed ogre
  9036 | D:8      | Reached skill level 5 in Invocations
  9233 | D:8      | Noticed a queen ant
  9280 | D:8      | Killed a queen ant
  9291 | D:8      | Reached skill level 12 in Dodging
  9318 | D:8      | Received a gift from Okawaru
  9344 | D:8      | Reached skill level 5 in Fighting
 10020 | D:8      | Reached XP level 11. HP: 56/56 MP: 16/16
 10166 | D:8      | Reached skill level 10 in Short Blades
 10180 | D:8      | Learned a level 6 spell: Statue Form
 10549 | D:9      | Reached skill level 1 in Transmutations
 10553 | D:9      | Found a staircase to the Orcish Mines.
 10723 | D:9      | Noticed a green ugly thing
 10866 | D:9      | Killed a green ugly thing
 11072 | D:9      | Received a gift from Okawaru
 11505 | D:9      | Noticed Psyche
 11512 | D:9      | Killed Psyche
 11513 | D:9      | Reached skill level 13 in Dodging
 11715 | D:10     | Entered Level 10 of the Dungeon
 12365 | D:10     | Found a glowing golden altar of the Shining One.
 13085 | D:11     | Found a staircase to the Lair.
 13121 | D:11     | Reached skill level 5 in Transmutations
 13496 | D:12     | Noticed a two-headed ogre
 13510 | D:12     | Found a frozen archway.
 13510 | D:12     | Noticed a death knight
 13565 | D:12     | Killed a two-headed ogre
 13582 | D:12     | Reached skill level 14 in Dodging
 13599 | D:12     | Killed a death knight
 13600 | D:12     | Reached XP level 12. HP: 43/62 MP: 17/17
 13631 | IceCv    | Entered an ice cave
 13795 | IceCv    | Killed a reaper
 15679 | D:12     | Noticed a centaur warrior
 15690 | D:12     | Received a gift from Okawaru
 15710 | D:12     | Killed a centaur warrior
 16157 | D:12     | Noticed a centaur warrior
 16262 | D:12     | Killed a centaur warrior
 16301 | D:12     | Reached skill level 15 in Dodging
 16592 | D:12     | Reached skill level 1 in Armour
 17237 | D:13     | Reached ****** piety under Okawaru
 17237 | D:13     | Received a gift from Okawaru
 17420 | D:13     | Reached skill level 15 in Stealth
 17523 | D:13     | Noticed an ogre mage
 17527 | D:13     | Killed an ogre mage
 17651 | D:13     | Found a gate to the Vaults.
 17837 | D:13     | Reached XP level 13. HP: 67/67 MP: 18/18
 17840 | D:13     | Received a gift from Okawaru
 18070 | D:13     | Identified a scroll of acquirement
 18070 | D:13     | Acquired the amulet "Biyh" {Spirit rPois}
 18944 | D:15     | Entered Level 15 of the Dungeon
 18969 | D:14     | Reached skill level 16 in Dodging
 19127 | D:15     | Got a steaming granite ring
 19129 | D:15     | Identified the ring "Zeptal" {rElec rPois rF+ MR+ Int+3}
                  | (You found it on level 15 of the Dungeon)
 19271 | D:15     | Received a gift from Okawaru
 19330 | D:15     | Received a gift from Okawaru
 19371 | D:15     | Reached skill level 10 in Evocations
 19675 | D:15     | Found a staircase to the Depths.
 19869 | Lair:1   | Entered Level 1 of the Lair of Beasts
 20395 | Lair:1   | Noticed Gastronok
 20428 | Lair:1   | Killed Gastronok
 20435 | Lair:1   | Noticed Grum
 20472 | Lair:1   | Killed Grum
 20507 | Lair:1   | Noticed Fannar
 20548 | Lair:1   | Killed Fannar
 20548 | Lair:1   | Received a gift from Okawaru
 21199 | Lair:2   | Reached XP level 14. HP: 74/74 MP: 19/19
 21247 | Lair:2   | Reached skill level 5 in Armour
 21248 | Lair:2   | Reached skill level 17 in Dodging
 21799 | Lair:2   | Found a staircase to the Shoals.
 22386 | Lair:3   | Found a staircase to the Snake Pit.
 22514 | Lair:3   | Found a shadowy altar of Dithmenos.
 22946 | Lair:3   | Learned a level 6 spell: Invisibility
 23252 | Lair:4   | Received a gift from Okawaru
 23253 | Lair:4   | Reached skill level 1 in Hexes
 24013 | Lair:4   | Found a runed translucent door.
 24265 | Lair:4   | Noticed Qungiab's ghost (journeyman DsVM)
 24320 | Lair:4   | Noticed Nergalle
 24323 | Lair:4   | Killed Nergalle
 25312 | Lair:5   | Found a runed translucent door.
 25313 | Lair:5   | Noticed Ezife's ghost (journeyman GrEE)
 25326 | Lair:5   | Killed Ezife's ghost
 25763 | Lair:5   | Reached skill level 18 in Dodging
 26010 | Lair:6   | Entered Level 6 of the Lair of Beasts
 26295 | Lair:5   | Reached skill level 5 in Hexes
 26969 | Lair:6   | Received a gift from Okawaru
 27035 | Lair:6   | Reached XP level 15. HP: 65/80 MP: 20/20
 27198 | Lair:6   | Found a staircase to the Slime Pits.
 27281 | Lair:6   | Received a gift from Okawaru
 27511 | Lair:6   | Reached skill level 10 in Fighting
 28593 | Lair:6   | Reached skill level 1 in Spellcasting
 28687 | Lair:6   | Slain by a death yak

Illustrated notes

Levels and vault maps discovered:
D:1:      ldierk_walled_garden_2, layout_loops_corners
D:2:      layout_loops_corners, okawaru_altar_gauntlet_db,
          nicolae_underground_beach, uniq_crazy_yiuf_cottage
D:3:      layout_basic, lemuel_round_altar, nicolae_qazlal_style_of_elements,
          kennysheep_crisscross, minmay_misc_feat_rows
D:4:      layout_rooms, gammafunk_ghost_gnarly_gnolls
D:5:      layout_basic, nicolae_overflow_crystal_walls, temple_hall,
          minmay_misc_feat_encased, roderic_roman_lattice, minmay_pentangle
D:6:      layout_cave_pools, serial_column_ruins, column_ruins_columns_corner,
          column_ruins_columns_straight, column_ruins_open_tiny,
          column_ruins_corridor_straight, column_ruins_grid_1,
          column_ruins_grid_3, kennysheep_nub, minmay_misc_feat_nine_boxes,
          kennysheep_cross_bottleneck, uniq_grinder
D:7:      layout_loops_cross, minmay_tree_intersection, uniq_pikel
D:8:      layout_layer_cave, kb_lookout_dungeons_type, zaba_anthell
D:9:      layout_basic, david_orc_3, kennysheep_generic_room_5, uniq_psyche
D:10:     layout_basic, tso_altar
D:11:     layout_basic, grunt_lair_entry_orc_guard_hut, serial_rivers,
          chequers_serial_rivers_room_a, chequers_serial_rivers_small_a,
          chequers_serial_rivers_room_b, chequers_serial_rivers_marsh
D:12:     layout_irregular_city, gauntlet_entry_generic, serial_undead,
          serial_undead_d, serial_undead_a, serial_undead_b, serial_undead_d,
          portal_ice_cave_entry_ice_beasts, moated_statue
D:13:     layout_loops_ring, hangedman_vaults_entry_quadrant_bands
D:14:     layout_basic, minivault_24, abandoned_shop
D:15:     gammafunk_depths_entry_grave, layout_cave_pods,
          hangedman_abyss_or_decor_stagger
Temple:   dpeg_five_rooms_temple
Lair:1:   layout_loops_ring, uniq_fannar, uniq_gastronok, uniq_grum
Lair:2:   layout_hall_layers, minmay_shoals_entry_beasts, grunt_megastairs_5
Lair:3:   layout_regular_city, guppyfry_snake_entry_garden, basic_altar, pond,
          minmay_lair_oklob_chamber
Lair:4:   layout_regular_city, hellmonk_ghost_happy_afterlife,
          serial_bayou_shore_b, uniq_nergalle
Lair:5:   layout_misc_corridors, gammafunk_ghost_grave,
          chequers_serial_rivers_small_a
Lair:6:   hangedman_lair_tendril_chambers, layout_hall_layers,
          hangedman_lair_caniforms_friends, slime_dummy

Skill      XL: |  1  2  3  4  5  6  7  8  9 10 11 12 13 14 15 |
---------------+----------------------------------------------+-----
Stealth        | 1 2 3 4 5 7 9 10 11 13 15 | 15.3
Fighting       | 2 3 5 6 7 8 9 10 | 10.1
Dodging        | 5 6 7 8 9 11 12 14 15 16 18 | 18.8
Short Blades   | 4 5 6 7 8 9 10 | 10.0
Evocations     | 2 4 5 8 10 11 | 11.5
Invocations    | 2 4 5 |  5.6
Transmutations | 6 8 |  8.0
Armour         | 2 4 6 7 |  7.2
Hexes          | 5 7 |  7.1
Spellcasting   | 1 |  1.7
Throwing       | |  2.0

Action                   |  1- 3 |  4- 6 |  7- 9 | 10-12 | 13-15 || total
-------------------------+-------+-------+-------+-------+-------++-------
Melee: Rapier            |    31 |       |       |       |       ||    31
       Short sword       |    56 |   117 |   186 |       |       ||   359
       Dagger            |       |       |   130 |   635 |       ||   765
       Punch             |       |       |       |     1 |       ||     1
       Quick blade       |       |       |       |   616 |  1932 ||  2548
Invok: Heroism           |       |       |       |     2 |     1 ||     3
Evoke: Wand              |       |     5 |     3 |    11 |    31 ||    50
       Condenser vane    |       |       |       |       |     1 ||     1
  Use: Scroll            |     1 |     5 |     9 |    15 |    11 ||    41
       Potion            |       |       |       |    11 |     1 ||    12
 Stab: Sleeping          |    13 |    18 |    22 |    55 |    29 ||   137
       Distracted        |       |     1 |       |     2 |     7 ||    10
       Paralysed         |       |       |     2 |     4 |     8 ||    14
       Petrified         |       |       |       |       |     2 ||     2
       Petrifying        |       |       |       |       |     1 ||     1
Armor: Robe              |     5 |     4 |    11 |    27 |    54 ||   101
       Skin              |       |       |       |    14 |       ||    14
Dodge: Dodged            |    47 |    57 |   190 |   508 |   895 ||  1697
Block: Other             |     1 |    20 |    47 |   113 |   190 ||   371
       Reflection        |       |     2 |     1 |     5 |     1 ||     9

Table legend: (Time is in decaauts)
 A = Elapsed time spent in this place.
 B = Non-inter-level travel time spent in this place.
 C = Inter-level travel time spent in this place.
 D = Time resting spent in this place.
 E = Time spent auto-exploring this place.
 F = Levels seen in this place.
 G = Mean time per level.
                   A        B        C        D        E       F      G
               +--------+--------+--------+--------+--------+-----+--------+
         Total |  20641 |  20291 |    350 |   8782 |   7096 |  23 |  897.4 |
       Dungeon |  12689 |  12456 |    233 |   4807 |   4941 |  15 |  845.9 |
        Temple |    146 |    118 |     28 |      0 |    115 |   1 |  146.0 |
          Lair |   6045 |   5958 |     87 |   2534 |   2039 |   6 | 1007.5 |
      Ice Cave |   1761 |   1761 |      0 |   1440 |      0 |   1 | 1761.0 |
               +--------+--------+--------+--------+--------+-----+--------+

Top non-repeatable levels by time:
   IceCv: 1761 daAuts
  Lair:6: 1443 daAuts
     D:5: 1434 daAuts
     D:1: 1397 daAuts
     D:8: 1370 daAuts
  Lair:5: 1234 daAuts
    D:13: 1034 daAuts
  Lair:1: 1010 daAuts
    D:12: 951 daAuts
     D:2: 946 daAuts
  Lair:4: 933 daAuts
  Lair:3: 920 daAuts
     D:9: 881 daAuts
     D:6: 731 daAuts
     D:4: 670 daAuts
